 Dungeon Crawl Stone Soup version 0.31-a0-819-gf6de2f5ab6 (webtiles) character file.

Game seed: 14249783049280588865

3737 demibob the Impaler (level 10, -5/63 HPs)
             Began as a Merfolk Chaos Knight on Sept 23, 2023.
             Was a Plaything of Xom.
             Slain by a gnoll sergeant
             ... wielding a +2 spear of distortion
              (18 damage)
             ... on level 7 of the Dungeon.
             The game lasted 00:11:50 (6840 turns).

demibob the Impaler (Merfolk Chaos Knight)          Turns: 6840, Time: 00:11:51

Health: -5/63      AC:  8    Str: 11    XL:     10   Next: 15%
Magic:  10/10      EV: 19    Int: 14    God:    Xom [.....*]
Gold:   506        SH:  0    Dex: 21    Spells: 9/9 levels left

rFire   . . .        a - +0 halberd
rCold   . . .        (shield currently unavailable)
rNeg    . . .        b - +2 leather armour
rPois   .            (no helmet)
rElec   .            m - +2 cloak
rCorr   .            (no gloves)
SInv    .            (no boots)
Will    .....        (no amulet)
Stlth   ++           (no ring)
HPRegen 0.30/turn    (no ring)
MPRegen 0.12/turn

%: no passive effects
@: no status effects
A: (nimble swimmer 2), mertail, agile 1, clever 1, frail 1, sense surroundings 1
a: Renounce Religion


You were on level 7 of the Dungeon.
You worshipped Xom.
You were Xom's teddy bear.
You visited 1 branch of the dungeon, and saw 7 of its levels.
You also visited: Ossuary.

You collected 506 gold pieces.


Innate Abilities, Weirdness & Mutations

((You are very nimble when in or above water. (Stealth+, EV+, Speed+++)))
Your lower body shifts to a powerful aquatic tail in water.
You are agile. (Dex +4, Str/Int -1)
Your mind is acute. (Int +4, Str/Dex -1)
You are frail. (-10% HP)
You passively map a small area around you.


   Skills:
 - Level 3.2 Fighting
 + Level 16.4 Polearms
 - Level 0.6 Armour
 - Level 10.8 Dodging
 + Level 1.5 Necromancy


You had 9 spell levels left.
You didn't know any spells.
Your spell library contained the following spells:

 Spells                   Type           Power      Damage    Failure   Level
 Magic Dart               Conj           0%         1d3       36%         1
 Call Imp                 Summ           0%         N/A       50%         2
 Mephitic Cloud           Conj/Pois/Air  0%         N/A       75%         3
 Vhi's Electric Charge    Tloc/Air       0%         N/A       98%         4
 Arcjolt                  Conj/Air       0%         1d10      100%        5
 Plasma Beam              Fire/Air       0%         2x1d10    100%        6

Inventory:

Hand Weapons
 a - a +0 halberd (weapon)
 k - a +0 trident
 w - a +0 spear of chaos
 E - a +2 trident of pain
Missiles
 y - a throwing net {=f}
Armour
 b - a +2 leather armour (worn)
 j - a +0 pair of gloves
 m - a +2 cloak (worn)
 v - the +1 helmet of Loneshri {*Slow Int+3 Slay+6}
   (You found it on level 5 of the Dungeon)

   Int+3:     It affects your intelligence (+3).
   Slay+6:    It affects your accuracy & damage with ranged weapons and melee
   (+6).
   *Slow:     It may slow you when you take damage.
 z - a +0 helmet
Jewellery
 N - a ring of positive energy
Wands
 s - a wand of digging (3)
 t - a wand of polymorph (6)
 B - a wand of mindburst (6)
 D - a wand of paralysis (8)
Scrolls
 c - a scroll of butterflies
 d - a scroll of enchant armour
 e - a scroll of noise
 f - a scroll of teleportation {@r2}
 i - 2 scrolls of vulnerability
 l - a scroll of amnesia
 u - a scroll of poison
 C - a scroll of immolation
Potions
 g - 3 potions of brilliance
 h - a potion of curing {@q1}
 n - 5 potions of enlightenment
 o - a potion of magic
 p - 3 potions of haste {@q3}
 q - a potion of degeneration {unknown}
 r - a potion of ambrosia {unknown}
 x - a potion of berserk rage {unknown}
 A - a potion of attraction {unknown}

Dungeon Overview and Level Annotations

Branches:
Dungeon (7/15)             Temple (0/1) D:4         Ossuary (visited)

Altars:
Dithmenos
Hepliaklqana
Trog
Xom
The Shining One

#....)........##.##.# #..##.#
##.†.....#.##........###..##.####
#........#.##..##.##............#
##...#####........##.###.#.#.##.#
##.## ####....###.# #.#.#.##.#
#.# #.##.# #.# #.#.#.##.# #.#
#>##.###.# #.#.#..... ##'##
#........# #.#.####.# ##...##
####@##### #.#......# #.....##
#.# #.######## .......## # *#g#
#.##.## # ........#
*#...#.#######.#...####
........+........)§.............'
........####...#.#######.#...####
.......## ##.##.# #....## #
#..<..## ## #.# ####.# ##...##
..# #.#


You could see a gnoll sergeant.


Message History

The gnoll hits you from afar with a +0 spear.
You slash the gnoll!
You kill the gnoll!
You reach to attack!
You slash the gnoll!
The gnoll is severely wounded.
The gnoll hits you from afar with a +0 spear.
You reach to attack!
You completely miss the gnoll.
The gnoll is severely wounded.
The gnoll misses you.
You reach to attack!
You puncture the gnoll!
You kill the gnoll!
The gnoll sergeant completely misses you.
You see here a +0 flail.
You reach to attack!
You hit the gnoll sergeant.
The gnoll sergeant is moderately wounded.
The gnoll sergeant hits you from afar with a +2 spear of distortion.
You blink.
You slash the gnoll sergeant!
The gnoll sergeant is almost dead.
The gnoll sergeant hits you with a +2 spear of distortion.
You blink.
The gnoll sergeant hits you from afar with a +2 spear of distortion!
* * * LOW HITPOINT WARNING * * *
Space warps horribly around you!!
* * * LOW HITPOINT WARNING * * *
You feel better.
The gnoll sergeant hits you from afar with a +2 spear of distortion!
* * * LOW HITPOINT WARNING * * *
Space warps horribly around you!!
You die...

Skill      XL: |  1  2  3  4  5  6  7  8  9 10 |
---------------+-------------------------------+-----
Polearms       | 12 13 14 16 | 16.4
Dodging        | 3 4 5 6 8 10 | 10.8
Necromancy     | 1 |  1.5
Fighting       | |  3.2
Armour         | |  0.6

Action                     |  1- 3 |  4- 6 |  7- 9 | 10-12 || total
---------------------------+-------+-------+-------+-------++-------
  Melee: Spear             |    63 |   172 |   259 |       ||   494
         Punch             |     1 |     1 |     7 |       ||     9
         Trident           |       |       |   245 |       ||   245
         Halberd           |       |       |   106 |    47 ||   153
         Tailslap          |       |       |     1 |       ||     1
  Evoke: Wand              |       |       |     1 |       ||     1
    Use: Scroll            |       |       |    21 |       ||    21
         Potion            |       |       |    13 |     1 ||    14
   Stab: Paralysed         |     3 |     3 |       |       ||     6
         Confused          |     1 |       |     1 |       ||     2
         Sleeping          |       |     3 |     4 |     1 ||     8
         Petrifying        |       |     2 |       |       ||     2
         Distracted        |       |       |     3 |       ||     3
 Armour: Leather armour    |    17 |    32 |   193 |    19 ||   261
  Dodge: Dodged            |    21 |    39 |   265 |    20 ||   345

Levels and vault maps discovered:
D:1:      pf_arrival_petrified_forest, layout_loops_ring, minmay_close_crescents
D:2:      layout_rooms, dreamdust_ecumenical_altar_hidden_monk_grotto
D:3:      layout_basic, nicolae_hepliaklqana_monster_ancestors
D:4:      layout_basic, bloody_trog, minmay_temple_entry_slanted, hex_large,
          kennysheep_generic_room_8, uniq_natasha, uniq_menkaure, uniq_duvessa
D:5:      layout_loops_cross, mainiacjoe_overflow_paths,
          chequers_serial_rivers_small_b, nicolae_sextant
D:6:      layout_basic, nicolae_dithmenos_through_a_glass_darkly,
          nicolae_ossuary_entry_plus, gup_sewer_entry_bubbles, roderic_batcave,
          nicolae_figureground_sparkle
D:7:      layout_loops_corners, kennysheep_generic_room_14

Notes
Turn   | Place    | Note
-------+----------+-------------------------------------------
     0 | D:1      | demibob the Merfolk Chaos Knight began the quest for the
                  | Orb.
     0 | D:1      | Reached XP level 1. HP: 18/18 MP: 1/1
    24 | D:1      | XOM: potion effect (might)
   161 | D:1      | Reached XP level 2. HP: 24/24 MP: 2/2
   266 | D:1      | Reached skill level 5 in Polearms
   274 | D:1      | XOM: potion effect (experience)
   274 | D:1      | Reached skill level 12 in Polearms
   274 | D:1      | Reached XP level 3. HP: 26/29 MP: 3/3
   429 | D:1      | XOM: silly message
   525 | D:1      | XOM: divination: magic mapping
   551 | D:1      | XOM: noise
   623 | D:1      | Reached XP level 4. HP: 34/35 MP: 4/4
   838 | D:2      | Found a faded altar of an unknown god.
  1065 | D:2      | Reached skill level 3 in Dodging
  1439 | D:3      | XOM: give mutations
  1439 | D:3      | Gained mutation: You passively map a small area around you.
                  | [Xom's mischief]
  1439 | D:3      | Gained mutation: You occasionally lose the ability to drink
                  | potions when taking damage. [Xom's mischief]
  1439 | D:3      | Gained mutation: You sometimes lose your temper in combat.
                  | [Xom's mischief]
  1666 | D:3      | Found a hazy altar of Hepliaklqana.
  1729 | D:3      | Reached XP level 5. HP: 39/41 MP: 5/5
  1760 | D:3      | XOM: give mutation
  1760 | D:3      | Gained mutation: Your flesh is cold resistant. (rC+) [Xom's
                  | mischief]
  1788 | D:3      | XOM: god gift: inky potion {god gift}
  1808 | D:4      | XOM: summons friendly quasit
  1820 | D:3      | Reached skill level 13 in Polearms
  1821 | D:4      | XOM: scenery: 2 doors open
  1851 | D:4      | Noticed Natasha
  1859 | D:4      | XOM: enchant monster (good)
  1865 | D:4      | Killed Natasha
  1914 | D:4      | Found a staircase to the Ecumenical Temple.
  1937 | D:4      | Reached skill level 4 in Dodging
  1937 | D:4      | Reached XP level 6. HP: 47/47 MP: 6/6
  1981 | D:4      | Noticed Menkaure
  1981 | D:4      | XOM: enchant monster (good)
  1990 | D:4      | Killed Menkaure
  2046 | D:4      | Noticed Natasha
  2052 | D:4      | Killed Natasha
  2058 | D:4      | Reached skill level 5 in Dodging
  2196 | D:4      | Reached XP level 7. HP: 37/52 MP: 7/7
  2306 | D:4      | Noticed Duvessa
  2307 | D:4      | Noticed Natasha
  2307 | D:4      | Noticed Dowan
  2323 | D:4      | Killed Duvessa
  2326 | D:4      | Killed Natasha
  2363 | D:4      | XOM: repel stairs
  2366 | D:4      | Killed Dowan
  2631 | D:4      | XOM: silly message
  2636 | D:4      | Reached skill level 6 in Dodging
  2739 | D:4      | Found a bloodstained altar of Trog.
  2942 | D:5      | Entered Level 5 of the Dungeon
  2954 | D:5      | XOM: destruction
  2966 | D:5      | XOM: divination: detect creatures
  2970 | D:5      | Reached skill level 14 in Polearms
  3028 | D:5      | XOM: 3-stop teleportation journey
  3076 | D:5      | Reached XP level 8. HP: 33/58 MP: 8/8
  3165 | D:5      | Reached skill level 7 in Dodging
  3341 | D:5      | XOM: divination: magic mapping
  3427 | D:5      | Found a glowing golden altar of the Shining One.
  3561 | D:5      | XOM: enchant monster (bad)
  3562 | D:5      | XOM: cast spell 'Summon Ice Beast'
  3572 | D:5      | XOM: 4-stop teleportation journey
  3714 | D:5      | XOM: noise
  3716 | D:5      | XOM: noise
  3800 | D:5      | XOM: 3-stop teleportation journey
  3811 | D:5      | XOM: cast spell 'Alistair's Intoxication'
  3826 | D:5      | XOM: smoke on damage
  3888 | D:5      | XOM: summons 5 hostile demons
  4127 | D:5      | Reached skill level 8 in Dodging
  4160 | D:5      | XOM: scenery: summon butterflies
  4208 | D:5      | XOM: give mutation
  4208 | D:5      | Gained mutation: You have an increased reservoir of magic.
                  | (+10% MP) [Xom's grace]
  4323 | D:5      | Identified the +1 helmet of Loneshri {*Slow Int+3 Slay+6}
  4509 | D:5      | XOM: scenery: create altars
  4665 | D:6      | XOM: fog
  4668 | D:6      | XOM: potion effect (heal wounds)
  4674 | D:6      | XOM: divination: detect creatures
  4678 | D:6      | XOM: enchant monster (bad)
  4689 | D:6      | Reached XP level 9. HP: 64/64 MP: 9/9
  4752 | D:6      | Reached skill level 15 in Polearms
  4766 | D:6      | Found a sand-covered staircase.
  4773 | Ossuary  | Entered an ossuary
  4962 | Ossuary  | XOM: 8-stop teleportation journey
  5041 | D:6      | Reached skill level 9 in Dodging
  5198 | D:6      | Found a shadowy altar of Dithmenos.
  5198 | D:6      | XOM: 2-stop teleportation journey
  5604 | D:6      | XOM: stat loss: -1 Dex (17/18)
  5664 | D:6      | XOM: potion effect (brilliance)
  5672 | D:6      | Reached skill level 10 in Dodging
  5862 | D:6      | Lost mutation: You have an increased reservoir of magic.
                  | (+10% MP) [potion of mutation]
  5862 | D:6      | Lost mutation: Your flesh is cold resistant. (rC+) [potion
                  | of mutation]
  5862 | D:6      | Gained mutation: You are somewhat resistant to further
                  | mutation. [potion of mutation]
  5863 | D:6      | Lost mutation: You sometimes lose your temper in combat.
                  | [potion of mutation]
  5863 | D:6      | Lost mutation: You occasionally lose the ability to drink
                  | potions when taking damage. [potion of mutation]
  5863 | D:6      | Lost mutation: You are somewhat resistant to further
                  | mutation. [potion of mutation]
  5863 | D:6      | Gained mutation: You are frail. (-10% HP) [potion of
                  | mutation]
  5863 | D:6      | Gained mutation: Your mind is acute. (Int +4, Str/Dex -1)
                  | [potion of mutation]
  5905 | D:6      | XOM: silly message
  5939 | D:6      | XOM: cloud trail
  5974 | D:7      | XOM: smoke on damage
  6085 | D:7      | XOM: potion effect (attraction)
  6154 | D:7      | Reached skill level 16 in Polearms
  6238 | D:7      | XOM: god gift: scroll of amnesia
  6460 | D:7      | Identified the +2 quarterstaff of the Three Gods {heavy,
                  | Will- Dex+3 SInv}
  6561 | D:7      | Reached XP level 10. HP: 55/63 MP: 10/10
  6611 | D:7      | XOM: cast spell 'Leda's Liquefaction'
  6667 | D:7      | Reached skill level 1 in Necromancy
  6675 | D:7      | XOM: give mutation
  6675 | D:7      | Gained mutation: You are agile. (Dex +4, Str/Int -1) [Xom's
                  | grace]
  6840 | D:7      | Slain by a gnoll sergeant

Vanquished Creatures
  A shadow (D:7)
  A wyvern (D:7)
  Menkaure (D:4)
  Duvessa (D:4)
  An orc warrior (D:5)
  2 sky beasts (D:7)
  2 black bears
  An ogre (D:6)
  A centaur (D:6)
  2 phantoms
  A bullfrog (D:7)
  A gnoll sergeant (D:7)
  5 scorpions
  8 wights
  Dowan (D:4)
  5 killer bees (D:6)
  A howler monkey (D:7)
  3 hounds
  2 jellies
  3 gnoll boudas
  4 orc priests
  4 iguanas
  A sleepcap (D:6)
  Natasha (thrice) (D:4)
  7 orc wizards
  4 mummies (Ossuary)
  23 gnolls
  6 adders
  2 ufetubi (D:5)
  2 worms
  4 dart slugs
  22 orcs
  13 bats
  6 endoplasms
  3 giant cockroaches
  2 gnoll zombies (Ossuary)
  5 goblins
  6 hobgoblins
  4 jackals (D:1)
  7 kobolds
  10 quokkas
  5 ball pythons
  2 hobgoblin zombies (Ossuary)
  2 kobold zombies (Ossuary)
  An orc zombie (Ossuary)
  8 rats
  A spectral orc (D:3)
200 creatures vanquished.

Vanquished Creatures (collateral kills)
  An iguana (D:5)
  4 mummies (Ossuary)
  2 orcs (D:7)
  An orc zombie (Ossuary)
8 creatures vanquished.

Grand Total: 208 creatures vanquished

Table legend: (Time is in decaauts)
 A = Elapsed time spent in this place.
 B = Non-inter-level travel time spent in this place.
 C = Inter-level travel time spent in this place.
 D = Time resting spent in this place.
 E = Time spent auto-exploring this place.
 F = Levels seen in this place.
 G = Mean time per level.
                   A        B        C        D        E       F      G
               +--------+--------+--------+--------+--------+-----+--------+
         Total |   6554 |   6274 |    280 |    384 |   4719 |   8 |  819.2 |
       Dungeon |   6313 |   6033 |    280 |    381 |   4562 |   7 |  901.9 |
       Ossuary |    240 |    240 |      0 |      2 |    156 |   1 |  240.0 |
               +--------+--------+--------+--------+--------+-----+--------+

Top non-repeatable levels by time:
     D:5: 1581 daAuts
     D:4: 1087 daAuts
     D:6: 1078 daAuts
     D:7: 819 daAuts
     D:1: 699 daAuts
     D:2: 566 daAuts
     D:3: 480 daAuts
 Ossuary: 240 daAuts

Table legend:
 A = Non-vault XP
 B = Vault XP
 C = Vault XP percentage of total XP
 D = Non-vault monster count
 E = Vault monster count
 F = Vault count percentage of total count
                 A         B        C        D         E       F
            +---------+---------+-------+---------+---------+-------
      Total |    4681 |     621 |  11.7 |     167 |      41 |  19.7
            +---------+---------+-------+---------+---------+-------
        D:1 |      37 |       9 |  19.6 |      17 |       5 |  22.7
        D:2 |      49 |       0 |   0.0 |      19 |       0 |   0.0
        D:3 |      72 |       4 |   5.3 |      10 |       2 |  16.7
        D:4 |     387 |     423 |  52.2 |      20 |       4 |  16.7
        D:5 |     987 |       0 |   0.0 |      33 |       0 |   0.0
        D:6 |    1587 |      33 |   2.0 |      34 |      14 |  29.2
        D:7 |    1562 |       0 |   0.0 |      34 |       0 |   0.0
    Ossuary |       0 |     152 | 100.0 |       0 |      16 | 100.0
            +---------+---------+-------+---------+---------+-------
